 Dungeon Crawl Stone Soup version 0.30-a0-4-ga7cffc901d (webtiles) character file.

Game seed: 10426639633301153526

872 greasedhog the Envoy of Void (level 8, -2/49 HPs)
             Began as a Gargoyle Abyssal Knight on Aug 20, 2022.
             Was a High Priest of Lugonu.
             Slain by an ogre
             ... wielding a +0 giant club
              (23 damage)
             ... on level 5 of the Dungeon.
             The game lasted 00:06:36 (6287 turns).

greasedhog the Envoy of Void (GrAK)                 Turns: 6287, Time: 00:06:37

Health: -2/49      AC: 17    Str: 20    XL:     8   Next: 4%
Magic:  12/12      EV:  4    Int: 10    God:    Lugonu [*****.]
Gold:   317        SH:  7    Dex: 10    Spells: 7/7 levels left

rFire   . . .      SeeInvis .    a - +1 mace
rCold   . . .      Faith    .    h - +0 kite shield
rNeg    + . .      Spirit   .    k - +0 plate armour
rPois   ∞          Reflect  .    (no helmet)
rElec   +          Harm     .    m - +0 cloak
rCorr   .          Rampage  .    (no gloves)
Will    .....                    (no boots)
Stlth   ..........               (no amulet)
HPRegen 0.16/turn                (no ring)
MPRegen 0.13/turn                (no ring)

@: no status effects
A: sickness immunity, AC +5, negative energy resistance 1, electricity
resistance, torment resistance 1, petrification resistance
a: Renounce Religion, Depart the Abyss, Bend Space, Banish, Corrupt, Enter the
Abyss


You were on level 5 of the Dungeon.
You worshipped Lugonu.
Lugonu was extremely pleased with you.
You visited 1 branch of the dungeon, and saw 5 of its levels.
You visited the Abyss 1 time.

You collected 366 gold pieces.
You spent 49 gold pieces at shops.

Inventory:

Hand Weapons
 a - a +1 mace (weapon)
Missiles
 l - 9 poisoned darts (quivered)
Armour
 h - a +0 kite shield (worn)
 k - a +0 plate armour (worn)
 m - a +0 cloak (worn)
Scrolls
 b - a scroll of summoning {unknown}
 d - a scroll of blinking {unknown}
 i - a scroll of amnesia {unknown}
 j - a scroll of teleportation
 n - a scroll of magic mapping {unknown}
Potions
 f - a potion of curing {unknown}
 g - 2 potions of degeneration {unknown}
 o - a potion of might {unknown}


   Skills:
 - Level 5.0 Fighting
 * Level 5.7 Maces & Flails
 - Level 2.1 Armour
 - Level 0.7 Dodging
 - Level 2.5 Shields
 * Level 6.2 Invocations


You had 7 spell levels left.
You didn't know any spells.
Your spell library was empty.

Dungeon Overview and Level Annotations

Branches:
Dungeon (5/15)
 Temple: D:4-7

Altars:
Elyvilon

Shops:
D:2 [


Innate Abilities, Weirdness & Mutations

You are immune to sickness and miasma.
Your stone body is resilient. (AC +5)
You are immune to poison.
You resist negative energy. (rN+)
You are resistant to electric shocks. (rElec)
You are resistant to unholy torment.
You are immune to petrification.


Message History

The centaur is severely wounded.
The centaur completely misses you.
The centaur kicks you but does no damage.
You block the centaur's attack. x2
You barely miss the centaur.
The centaur is severely wounded.
The centaur hits you but does no damage.
The centaur kicks you but does no damage.
The centaur hits you. The centaur kicks you.
You hit the centaur.
The centaur is almost dead.
You block the centaur's attack.
The centaur kicks you but does no damage.
The centaur hits you but does no damage.
The centaur kicks you but does no damage.
You hit the centaur.
The centaur is almost dead.
The centaur hits you but does no damage.
You block the centaur's attack. x2
The centaur kicks you but does no damage.
You hit the centaur.
The centaur is almost dead.
You block the centaur's attack.
The centaur kicks you but does no damage.
You block the centaur's attack.
The centaur kicks you but does no damage.
You hit the centaur.
You kill the centaur!
Lugonu accepts your kill.
Your Invocations skill increases to level 6!
You have reached level 8!
You feel stronger.
You feel much better. You block the ogre's attack.
You hit the ogre.
The ogre is heavily wounded.
The ogre hits you with a +0 giant club!
You thump the ogre!
The ogre is severely wounded.
The ogre hits you with a +0 giant club!!
You die...

##......#.#.#####'####### ##
..............>##.#########.
.....#.#...................
.....#.###........#######..
. +.###.##.##..# ##.
#.........#..# ## ####
#####.##..#... # .....
...#.# ##.## # ......##.#@#
... .c.......O.# .##
.......#.#.# . .......#.#.#
.......#.#.. .........#.#.
#....#...#.#.. #....#......
.# ####.#.#.... ..


You could see an ogre.

Vanquished Creatures
  A water moccasin (D:5)
  A centaur (D:5)
  A necrophage (D:4)
  2 scorpions (D:5)
  A jelly (D:4)
  2 hounds
  2 orc priests (D:4)
  2 iguanas (D:4)
  2 orc wizards
  9 adders
  3 river rats (D:4)
  A white imp (D:4)
  2 ufetubi (D:5)
  A worm (D:3)
  4 dart slugs
  10 orcs
  9 ball pythons
  4 bats
  7 endoplasms
  6 giant cockroaches
  12 goblins
  9 hobgoblins
  3 jackals (D:2)
  6 quokkas
  8 frilled lizards
  7 kobolds
  8 rats
123 creatures vanquished.

Notes
Turn   | Place    | Note
-------+----------+-------------------------------------------
     0 | Abyss:1  | greasedhog the Gargoyle Abyssal Knight began the quest for
                  | the Orb.
     0 | Abyss:1  | Reached XP level 1. HP: 14/14 MP: 2/2
     3 | Abyss:1  | Noticed a silent spectre
     8 | D:1      | Escaped the Abyss
   396 | D:1      | Reached XP level 2. HP: 9/19 MP: 3/3
   834 | D:1      | Reached *** piety under Lugonu
   835 | D:1      | Reached XP level 3. HP: 17/24 MP: 4/4
  1144 | D:1      | Found a faded altar of an unknown god.
  1560 | D:2      | Reached skill level 3 in Invocations
  1605 | D:2      | Reached XP level 4. HP: 23/29 MP: 6/6
  1734 | D:2      | Found Goutu's Armour Boutique.
  1749 | D:2      | Bought a +0 kite shield for 49 gold pieces
  2671 | D:3      | Found a white marble altar of Elyvilon.
  3167 | D:3      | Reached **** piety under Lugonu
  3168 | D:3      | Reached XP level 5. HP: 34/34 MP: 7/7
  4105 | D:4      | Reached skill level 4 in Invocations
  4105 | D:4      | Reached XP level 6. HP: 26/40 MP: 7/9
  4261 | D:4      | Reached skill level 5 in Fighting
  4600 | D:4      | Reached skill level 1 in Shields
  5171 | D:4      | Reached XP level 7. HP: 43/44 MP: 10/10
  5618 | D:4      | Reached ***** piety under Lugonu
  5694 | D:5      | Entered Level 5 of the Dungeon
  5706 | D:5      | Reached skill level 5 in Invocations
  5809 | D:5      | Reached skill level 5 in Maces & Flails
  6285 | D:5      | Reached skill level 6 in Invocations
  6285 | D:5      | Reached XP level 8. HP: 16/49 MP: 12/12
  6287 | D:5      | Slain by an ogre

Illustrated notes

Levels and vault maps discovered:
D:1:      dpeg_arrival_refuge, layout_basic, dreamdust_ecumenical_altar_statues
D:2:      cheibrodos_greedy_goblins, layout_basic, serial_shops, shop_coins
D:3:      layout_basic, nicolae_overflow_crystal_walls
D:4:      layout_basic, portal_sewer_entry_e, minmay_fractal_squares_gapless_5
D:5:      lemuel_ratsnest, layout_basic, mainiacjoe_overflow_catwalk,
          minmay_misc_feat_square, chequers_serial_rivers_micro_e,
          saegor_snake_ambush

Skill      XL: |  1  2  3  4  5  6  7 |
---------------+----------------------+-----
Fighting       | 4 5 |  5.0
Invocations    | 3 4 6 |  6.2
Maces & Flails | 3 4 5 |  5.7
Shields        | 2 |  2.5
Armour         | |  2.1
Dodging        | |  0.7

Action                   |  1- 3 |  4- 6 |  7- 9 || total
-------------------------+-------+-------+-------++-------
Melee: Mace              |   116 |   288 |   146 ||   550
  Use: Scroll            |       |     6 |     1 ||     7
       Potion            |       |     2 |     1 ||     3
 Stab: Sleeping          |       |     1 |       ||     1
Armor: Leather armour    |    57 |    68 |       ||   125
       Plate armour      |       |   202 |   174 ||   376
Dodge: Dodged            |    94 |    90 |    33 ||   217
Block: Kite shield       |       |   110 |   102 ||   212

Table legend: (Time is in decaauts)
 A = Elapsed time spent in this place.
 B = Non-inter-level travel time spent in this place.
 C = Inter-level travel time spent in this place.
 D = Time resting spent in this place.
 E = Time spent auto-exploring this place.
 F = Levels seen in this place.
 G = Mean time per level.
                   A        B        C        D        E       F      G
               +--------+--------+--------+--------+--------+-----+--------+
         Total |   6487 |   6390 |     97 |   1034 |   4179 |   6 | 1081.2 |
       Dungeon |   6479 |   6382 |     97 |   1034 |   4179 |   5 | 1295.8 |
         Abyss |      8 |      8 |      0 |      0 |      0 |   1 |    8.0 |
               +--------+--------+--------+--------+--------+-----+--------+

Top non-repeatable levels by time:
     D:4: 1880 daAuts
     D:1: 1456 daAuts
     D:3: 1398 daAuts
     D:2: 1117 daAuts
     D:5: 626 daAuts
 Abyss:1: 8 daAuts
